 Dungeon Crawl Stone Soup version 0.18-a0-1677-g2bdad6c (webtiles) character file.

2706 Deemzul the Martial Artist (level 9, -20/56 HPs)
             Began as an Octopode Monk on Apr 2, 2016.
             Was a Priest of Dithmenos.
             Shot with a bolt by an orc warrior (28 damage)
             ... in a bailey.
             The game lasted 00:11:42 (6264 turns).

Deemzul the Martial Artist (Octopode Monk)          Turns: 6264, Time: 00:11:42

Health: -20/56     AC:  3    Str: 11    XL:     9   Next: 65%
Magic:  9/9        EV: 17    Int: 12    God:    Dithmenos [***...]
Gold:   392        SH:  2    Dex: 19    Spells: 0 memorised, 8 levels left

rFire  + . .     SeeInvis .     v - +1 halberd (chop)
rCold  . . .     Gourm    .     (shield currently unavailable)
rNeg   . . .     Faith    .     (helmet restricted)
rPois  .         Spirit   .     (no amulet)
rElec  .         Dismiss  .     m - ring of protection from fire
rCorr  .         Reflect  .     r - ring of flight
SustAt .         Harm     .     (no ring)
MR     .....                    (no ring)
Stlth  ++++++++..               (no ring)
                                (no ring)
                                (no ring)
                                (no ring)

@: wreathed by umbra, not resistant to hostile enchantments, extraordinarily
stealthy
A: almost no armour, amphibious, 8 rings, constrict 8, large bone plates 1,
camouflage 1, agile 1, blink, frail 1, gelatinous body 1
a: Blink, Shadow Step, Renounce Religion, Evoke Flight


You were in a bailey.
You worshipped Dithmenos.
Dithmenos was most pleased with you.
You were not hungry.

You visited 2 branches of the dungeon, and saw 9 of its levels.
You also visited: Bailey.

You collected 392 gold pieces.

Inventory:

Hand Weapons
 v - a +1 halberd of chopping (weapon)
 x - a +0 arbalest
Missiles
 t - 2 needles of paralysis
 y - 9 bolts
Jewellery
 m - a ring of protection from fire (left tentacle)
 r - a ring of flight (right tentacle)
Wands
 e - a wand of acid (2/15)
 n - a wand of lightning (1/15)
Scrolls
 b - 2 scrolls of enchant armour {unknown}
 g - 11 scrolls of identify {unknown}
 h - a scroll of amnesia
 j - a scroll of remove curse
 k - a scroll of blinking
 o - 2 scrolls of teleportation
Potions
 c - 2 potions of resistance
 l - a potion of flight
 q - 3 potions of magic
 u - a potion of curing
Books
 p - Sif Muna's Incunabulum of Freezing Flames
   (You found it on level 4 of the Dungeon)

   Spells                             Type                      Level
   a - Freeze                         Ice                          1
 s - a book of Necromancy

   Spells                             Type                      Level
   a - Pain                           Necromancy                   1
   b - Animate Skeleton               Necromancy                   1
   c - Vampiric Draining              Necromancy                   3
   d - Regeneration                   Charms/Necromancy            3
   e - Animate Dead                   Necromancy                   4
   f - Control Undead                 Necromancy                   4
 w - a book of Burglary

   Spells                             Type                      Level
   a - Swiftness                      Charms/Air                   2
   b - Passwall                       Transmutation/Earth          2
   c - Passage of Golubria            Translocation                4
   d - Lee's Rapid Deconstruction     Earth                        5
   e - Darkness                       Hexes                        6
   f - Invisibility                   Hexes                        6
Comestibles
 a - 8 bread rations
 d - 8 meat rations
 f - 8 fruits


   Skills:
 + Level 6.3 Fighting
 + Level 6.5 Dodging
 + Level 9.0 Stealth
 * Level 9.1 Unarmed Combat


You had 8 spell levels left.
You didn't know any spells.

Dungeon Overview and Level Annotations

Branches:
Dungeon (8/15)             Temple (1/1) D:5
   Lair: D:8-11

Altars:
Ashenzari
Cheibriados
Dithmenos
Gozag
Makhleb
Nemelex Xobeh
Okawaru
Pakellas
Qazlal
Sif Muna
Vehumet
Yredelemnul
The Shining One

Annotations:
D:7 Calamarain's ghost, novice MiFi


Innate Abilities, Weirdness & Mutations

You cannot wear most types of armour.
You are amphibious.
You can wear up to eight rings at the same time.
You can use your tentacles to constrict eight enemies at once.
Your skin changes colour to match your surroundings (Stealth).
Your rubbery body absorbs attacks (AC +1).
You are partially covered in large bone plates (AC +2, SH +2).
You are agile. (Dex +2)
You can translocate small distances at will.
You are frail (-10% HP).


Message History

The orc warrior shoots a bolt.
The bolt barely misses you.
The orc warrior shoots a bolt.
The bolt hits you!!
Attack whom?
Press: ? - help, Dir - move target cursor, f/p - orc warrior
Aim: an orc warrior, wielding an arbalest and wearing a chain mail (moderately wounded, umbra)
You reach to attack!
You closely miss the orc warrior.
The orc warrior is moderately wounded.
The orc warrior shoots a bolt.
The bolt hits you!
Attack whom?
Press: ? - help, Dir - move target cursor, f/p - orc warrior
Aim: an orc warrior, wielding an arbalest and wearing a chain mail (moderately wounded, umbra)
You reach to attack!
You hit the orc warrior but do no damage.
The orc warrior is moderately wounded.
The orc warrior shoots a bolt.
The bolt hits you!
* * * LOW HITPOINT WARNING * * *
There is an open door here.
The orc warrior shoots a bolt.
The bolt hits you!!
Ouch! That really hurt!
You die...

### ###
##∩###########.##
#.∩.##.....##...#
≈..#...#..≈≈≈.(#...#
≈≈.......≈≈o≈≈.#@..#
o≈.......≈.oo≈('.)(#
≈≈.......≈≈o≈≈.#.).#
≈..#...#..≈≈≈..#..(#
..##...##.....##..(#
## ##∩###########[##
## ###


You could see 3 orc warriors.

Vanquished Creatures
  The ghost of Etesian the Bolt Thrower, an amateur CeAM (D:4)
  Sigmund (D:2)
  Eustachio (D:4)
  A hippogriff (D:7)
  Menkaure (D:6)
  4 orc warriors
  3 ogres
  A necrophage (D:8)
  A gnoll sergeant (D:5)
  2 giant frogs
  An elf skeleton (D:8)
  2 scorpions
  4 killer bees (D:8)
  A howler monkey (D:6)
  2 crimson imps
  2 human zombies (D:8)
  3 hounds
  An orc priest (D:8)
  4 orc wizards
  A giant frog skeleton (D:7)
  Terence (D:2)
  A human skeleton (D:8)
  A worker ant (D:4)
  A hound zombie (D:6)
  A howler monkey skeleton (D:8)
  A mummy (D:8)
  6 adders
  9 gnolls
  An adder skeleton (D:4)
  6 dart slugs
  4 giant geckos
  7 orcs
  A ball python (D:8)
  6 giant cockroaches
  6 goblins
  7 hobgoblins
  7 jackals
  5 kobolds
  3 quokkas
  9 bats
  A giant gecko skeleton (D:5)
  6 giant newts
  A quokka skeleton (D:4)
  8 rats
136 creatures vanquished.

Notes
Turn   | Place    | Note
--------------------------------------------------------------
     0 | D:1      | Deemzul the Octopode Monk began the quest for the Orb.
     0 | D:1      | Reached XP level 1. HP: 16/16 MP: 1/1
   116 | D:1      | Reached XP level 2. HP: 18/21 MP: 2/2
   352 | D:1      | Found a sparkling altar of Nemelex Xobeh.
   610 | D:1      | Reached XP level 3. HP: 26/26 MP: 3/3
   906 | D:2      | Reached XP level 4. HP: 9/31 MP: 4/4
  1348 | D:2      | Found a shattered altar of Ashenzari.
  1457 | D:2      | Noticed Terence
  1461 | D:2      | Killed Terence
  1461 | D:2      | Reached XP level 5. HP: 24/36 MP: 5/5
  1752 | D:2      | Noticed Sigmund
  1754 | D:2      | Gained mutation: You can translocate small distances at will. [potion of mutation]
  1754 | D:2      | Gained mutation: You are somewhat resistant to further mutation. [potion of mutation]
  1754 | D:2      | Gained mutation: You are agile. (Dex +2) [potion of mutation]
  1764 | D:2      | Killed Sigmund
  1764 | D:2      | Reached skill level 5 in Stealth
  1764 | D:2      | Reached skill level 5 in Unarmed Combat
  1764 | D:2      | Reached XP level 6. HP: 21/43 MP: 6/6
  2236 | D:3      | Lost mutation: You are somewhat resistant to further mutation. [potion of mutation]
  2236 | D:3      | Gained mutation: You are partially covered in large bone plates (AC +2, SH +2). [potion of mutation]
  2236 | D:3      | Gained mutation: You are frail (-10% HP). [potion of mutation]
  2592 | D:4      | Found a deep blue altar of Sif Muna.
  2650 | D:4      | Identified Sif Muna's Incunabulum of Freezing Flames
  2746 | D:4      | Noticed Etesian's ghost (amateur CeAM)
  2765 | D:4      | Killed Etesian's ghost
  2765 | D:4      | Reached XP level 7. HP: 20/44 MP: 7/7
  2868 | D:4      | Noticed Eustachio
  2928 | D:4      | Killed Eustachio
  3047 | D:4      | Found a sparkling altar of Nemelex Xobeh.
  3233 | D:5      | Entered Level 5 of the Dungeon
  3260 | D:5      | Found a staircase to the Ecumenical Temple.
  3313 | Temple   | Entered the Ecumenical Temple
  3384 | Temple   | Became a worshipper of Dithmenos the Shadowed
  3384 | Temple   | Reached * piety under Dithmenos
  3384 | Temple   | Reached ** piety under Dithmenos
  3455 | D:5      | Found an oddly glowing altar of Pakellas.
  3499 | D:5      | Noticed a hungry ghost
  3720 | D:5      | Reached XP level 8. HP: 29/48 MP: 8/8
  3898 | D:5      | Reached skill level 5 in Fighting
  3898 | D:5      | Reached skill level 5 in Dodging
  4286 | D:6      | Noticed Menkaure
  4294 | D:6      | Killed Menkaure
  4413 | D:6      | Found a burning altar of Makhleb.
  4798 | D:7      | Noticed Calamarain's ghost (novice MiFi)
  4867 | D:8      | Reached XP level 9. HP: 54/55 MP: 9/9
  5191 | D:8      | Found a basalt altar of Yredelemnul.
  5233 | D:8      | Found a snail-covered altar of Cheibriados.
  5475 | D:8      | Reached *** piety under Dithmenos
  5483 | D:8      | Found a flagged portal.
  5494 | Bailey   | Entered a bailey
  5620 | Bailey   | Noticed an orc knight
  5638 | Bailey   | HP: 2/55 [orc warrior (13)]
  6264 | Bailey   | Shot with a bolt by an orc warrior

Vault maps used:
D:1:      minmay_arrival_jagged, nemelex_diamond_rough_becter
D:2:      marbit_many_paths, uniq_sigmund, uniq_terence
D:3:      first_bread
D:4:      nicolae_overflow_crystal_walls, led_sif_book, uniq_eustachio
D:5:      grunt_pakellas_salt, temple_fountains
D:6:      makhleb_grotto_becter, minivault_14, minmay_tree_intersection,
          serial_bayou_lake_a, uniq_menkaure
D:7:      kiku_gazebo_garden_becter
D:8:      slow_altar_2, lemuel_mausoleum_altar_yredelemnul, enter_bailey_2
Temple:   dpeg_five_rooms_temple_12
Bailey:   bailey_polearm_4, bailey

Skill      XL: |  1  2  3  4  5  6  7  8  9 |
---------------+----------------------------+-----
Stealth        | 3 4 5 6 8 9 |  9.0
Dodging        | 4 5 6 |  6.5
Unarmed Combat | 5 6 8 9 |  9.1
Fighting       | 4 5 6 |  6.3

Action                   |  1- 3 |  4- 6 |  7- 9 || total
-------------------------+-------+-------+-------++-------
Melee: Unarmed           |    54 |   107 |   183 ||   344
       Halberd           |       |       |    15 ||    15
Evoke: Wand              |       |       |     3 ||     3
  Use: Potion            |       |     5 |    10 ||    15
       Scroll            |       |       |     7 ||     7
 Stab: Sleeping          |    10 |    14 |    17 ||    41
  Eat: Chunk             |       |     6 |     9 ||    15
       Royal jelly       |       |       |     1 ||     1
